 Dungeon Crawl Stone Soup version 0.31-a0-836-g3ceb0a68c4 (webtiles) character file.

Game seed: 11449306178721218091

42 Kurtz the Chopper (level 3, -1/26 HPs)
             Began as an Octopode Fighter on Sept 27, 2023.
             Slain by Natasha (5 damage)
             ... on level 3 of the Dungeon.
             The game lasted 00:01:08 (1998 turns).

Kurtz the Chopper (Octopode Fighter)                Turns: 1998, Time: 00:01:08

Health: -1/26      AC:  1    Str: 17    XL:     3   Next: 56%
Magic:  3/3        EV: 13    Int: 10    God:
Gold:   122        SH:  4    Dex: 11    Spells: 2/2 levels left

rFire   . . .        m - +0 whip (elec)
rCold   . . .        b - +0 buckler
rNeg    . . .        (helmet restricted)
rPois   .            (no amulet)
rElec   .            (no ring)
rCorr   .            (no ring)
SInv    .            (no ring)
Will    .....        (no ring)
Stlth   ++           (no ring)
HPRegen 0.24/turn    (no ring)
MPRegen 0.08/turn    (no ring)
                     (no ring)

%: no passive effects
@: no status effects
A: almost no armour, amphibious, 8 rings, camouflage 1, gelatinous body 1,
(nimble swimmer 1), tentacles
a: no special abilities


You were on level 3 of the Dungeon.
You visited 1 branch of the dungeon, and saw 3 of its levels.

You collected 122 gold pieces.

Inventory:

Hand Weapons
 a - a +0 war axe
 m - a +0 whip of electrocution (weapon)
 p - a +0 broad axe
Armour
 b - a +0 buckler (worn)
 e - an orb of wrath
Scrolls
 h - 2 scrolls of teleportation {unknown}
 j - a scroll of brand weapon {unknown}
 k - a scroll of amnesia {unknown}
 l - 2 scrolls of revelation {unknown}
Potions
 c - 2 potions of might
 d - a potion of curing {unknown}
 f - a potion of resistance {unknown}
 g - 2 potions of degeneration {unknown}
 i - a potion of haste {unknown}
 n - a potion of lignification {unknown}
 o - a potion of invisibility {unknown}


   Skills:
 - Level 3.0 Fighting
 * Level 3.8 Axes
 - Level 3.0 Dodging
 - Level 3.0 Shields


You had 2 spell levels left.
You didn't know any spells.
Your spell library was empty.

Dungeon Overview and Level Annotations

Branches:
Dungeon (3/15)

Altars:
Uskayaw
Zin

Annotations:
D:3 Natasha


Innate Abilities, Weirdness & Mutations

You cannot wear most types of armour.
You are amphibious.
You can wear up to eight rings at the same time.
Your skin changes colour to match your surroundings (Stealth+).
Your rubbery body absorbs attacks. (AC +1, EV +1)
((You are camouflaged when in or above water. (Stealth+)))
You have tentacles for arms and can constrict up to eight enemies at once.


Message History

You kill the ball python!
No target in view!
A kobold is nearby!
A kobold is nearby!
The kobold shouts!
A kobold is nearby!
You barely miss the kobold. Your grab misses the kobold.
You squeeze the kobold.
You kill the kobold!
No target in view!
You see here a +0 whip.
You see here a +0 whip.
Natasha, Servant of Life and Death comes into view.
Natasha hisses angrily.
Natasha stares at you and mumbles some strange words.
The magic dart hits you!
Natasha is nearby!
Natasha is nearby!
Natasha mumbles some strange words.
Natasha's front paws start to glow.
Natasha is nearby!
You hit Natasha but do no damage. You grab Natasha.
You constrict Natasha, but do no damage.
Natasha claws you!
You are too injured to fight recklessly!
Natasha is nearby!
You are too injured to fight recklessly!
You are too injured to fight recklessly!
You are too injured to fight recklessly!
You hit Natasha. Your squeeze misses Natasha.
Natasha is moderately wounded.
You constrict Natasha, but do no damage.
Natasha claws you!
* * * LOW HITPOINT WARNING * * *
Unknown command.
You hit Natasha but do no damage.
Natasha is moderately wounded.
You constrict Natasha. Natasha claws you.
You die...
Natasha curls up and begins to purr.

#.#............
#.#...#.#####..
#.##.##.#
#..)....#
####.#### #.#
#.# #.## #@.#
##h# ... .....
..#.## .##.# ##
#


You could see Natasha.

Vanquished Creatures
  A dart slug (D:3)
  4 ball pythons
  8 bats
  An endoplasm (D:3)
  2 giant cockroaches (D:1)
  2 goblins (D:1)
  3 hobgoblins
  3 quokkas
  5 frilled lizards
  5 kobolds
  4 rats
38 creatures vanquished.

Notes
Turn   | Place    | Note
-------+----------+-------------------------------------------
     0 | D:1      | Kurtz the Octopode Fighter began the quest for the Orb.
     0 | D:1      | Reached XP level 1. HP: 16/16 MP: 1/1
    45 | D:1      | Reached XP level 2. HP: 16/21 MP: 2/2
   465 | D:1      | Reached XP level 3. HP: 23/26 MP: 3/3
  1012 | D:2      | Found a glowing silver altar of Zin.
  1924 | D:3      | Found a faded altar of an unknown god.
  1961 | D:3      | Found a hide-covered altar of Uskayaw.
  1991 | D:3      | Noticed Natasha
  1998 | D:3      | Slain by Natasha

Illustrated notes

Levels and vault maps discovered:
D:1:      dpeg_arrival_rhombus, layout_basic
D:2:      layout_loops_ring, basic_altar
D:3:      layout_loops_corners, nicolae_uskayaw_murder_on_the_dancefloor,
          shapermc_ecumenical_altar_starsandcircs, uniq_natasha,
          uniq_crazy_yiuf_cottage

Skill      XL: |  1  2 |
---------------+-------+-----
Axes           | 3 |  3.8
Fighting       | |  3.0
Dodging        | |  3.0
Shields        | |  3.0

Action                     || total
---------------------------++-------
  Melee: War axe           ||    47
         Constrict         ||    14
         Punch             ||     1
         Tentacles         ||    10
         Whip              ||    25
   Stab: Sleeping          ||    11
 Armour: Skin              ||    34
  Dodge: Dodged            ||    48
  Block: Buckler           ||     9

Table legend: (Time is in decaauts)
 A = Elapsed time spent in this place.
 B = Non-inter-level travel time spent in this place.
 C = Inter-level travel time spent in this place.
 D = Time resting spent in this place.
 E = Time spent auto-exploring this place.
 F = Levels seen in this place.
 G = Mean time per level.
                   A        B        C        D        E       F      G
               +--------+--------+--------+--------+--------+-----+--------+
         Total |   2023 |   1927 |     96 |     57 |   1605 |   3 |  674.3 |
       Dungeon |   2023 |   1927 |     96 |     57 |   1605 |   3 |  674.3 |
               +--------+--------+--------+--------+--------+-----+--------+

Top non-repeatable levels by time:
     D:1: 1017 daAuts
     D:2: 681 daAuts
     D:3: 324 daAuts
